 Dungeon Crawl Stone Soup version 0.15.2 (webtiles) character file.

317 Heini the Covered (level 6, 0/84 HPs)
             Began as a Minotaur Fighter on Feb 21, 2015.
             Succumbed to Dowan's poison
             ... on Level 4 of the Dungeon.
             The game lasted 00:05:35 (2765 turns).

Heini the Covered (Minotaur Fighter)                Turns: 2765, Time: 00:05:36

HP   0/84        AC 26     Str 27      XL: 6   Next: 20%
MP   3/3         EV  2     Int 10      God:
Gold 196         SH  7     Dex 15      Spells:  0 memorised,  5 levels left

rFire  . . .     SeeInvis .     a - +1 flail
rCold  . . .     Clarity  .     b - melded +0 scale mail
rNeg   + + +     rCorr    .     o - +2 buckler {AC+3}
rPois  +         rRot     .     (helmet restricted)
rElec  .         Spirit   .     (cloak currently unavailable)
SustAb .         Warding  .     (gloves currently unavailable)
rMut   .         NoTele   +     (boots currently unavailable)
Gourm  .                        (no amulet)
MR     .....                    (no ring)
                                (no ring)

@: mighty, brilliant, agile, lethally poisoned, tree-form, not resistant to
hostile enchantments, unstealthy
A: (retaliatory headbutt), (horns 0)
a: no special abilities


You were on level 4 of the Dungeon.
You were not hungry.
You were an animated tree.
You visited 1 branch of the dungeon, and saw 4 of its levels.

You collected 196 gold pieces.

Inventory:

Hand weapons
 a - a +1 flail (weapon)
Armour
 b - a +0 scale mail (melded)
 o - a +2 buckler of protection (worn)
Magical devices
 s - a wand of confusion (11) {unknown}
Comestibles
 c - 4 rotting chunks of orc flesh
 d - 4 bread rations
 j - a rotting chunk of hobgoblin flesh
 l - 4 fruits
 m - a slice of pizza
 q - a royal jelly
Scrolls
 f - a scroll of magic mapping
 k - a scroll of enchant weapon
 p - a scroll of remove curse
Potions
 g - a potion of restore abilities
 i - a potion of brilliance


   Skills:
 * Level 5.3 Fighting
 * Level 4.4 Maces & Flails
 * Level 6.4 Armour
 - Level 3.6 Shields


You had 5 spell levels left.
You didn't know any spells.

Dungeon Overview and Level Annotations

Branches:
Dungeon (4/15)
 Temple: D:4-7

Altars:

Annotations:
D:4 Dowan


Innate Abilities, Weirdness & Mutations

((You reflexively headbutt those who attack you in melee.))
((You have a pair of horns on your head.))


Message History

You feel sick. Dowan casts a spell at you. You block the shard of ice.
The giant cockroach bites you but does no damage.
You cannot move.
You closely miss the giant cockroach.
* * * LOW HITPOINT WARNING * * *
You feel sick.
Dowan gestures wildly while chanting.
Dowan blinks!
The giant cockroach bites you but does no damage.
You bludgeon the giant cockroach!!
You kill the giant cockroach!
* * * LOW HITPOINT WARNING * * *
You feel very sick.
Unknown command.
You cannot move.
You cannot move.
You cannot move.
You die...

#....# ##....#...........#
##...## ##..............##
##....# ##....####......##
##...#..# ##..## ##.......
#...##..# ##..# #.......
.[#####..# #..## ##....... ..#
#....### #..# #...##... ..#
..##.....##..# ##........
..####.># #...)♣..# ###.........
...##..# #....%..####...........
...#..####...e...................
.................................
#................................
..###.....###......#.............
.## ###..##....#..###<...........
.# ##......##..# ##.[.........
.### ##...####..# #...........


You could see Dowan.

Vanquished Creatures
  Duvessa (D:4)
  2 orc wizards (D:4)
  7 gnolls (D:3)
  2 adders
  2 giant mites
  A worm (D:2)
  10 orcs
  11 bats
  3 giant cockroaches
  11 hobgoblins
  6 jackals
  5 kobolds
  2 ball pythons
  4 giant newts
  8 goblins
  A rat (D:3)
76 creatures vanquished.

Notes
Turn   | Place    | Note
--------------------------------------------------------------
     0 | D:1      | Heini, the Minotaur Fighter, began the quest for the Orb.
     0 | D:1      | Reached XP level 1. HP: 19/19 MP: 1/1
   197 | D:1      | Reached skill level 4 in Armour
   197 | D:1      | Reached XP level 2. HP: 27/27 MP: 1/1
   600 | D:2      | Reached XP level 3. HP: 33/33 MP: 2/2
  1179 | D:3      | Reached skill level 5 in Armour
  1182 | D:3      | Reached XP level 4. HP: 39/41 MP: 2/2
  1706 | D:3      | Reached XP level 5. HP: 47/47 MP: 2/2
  2399 | D:4      | Reached skill level 5 in Fighting
  2508 | D:4      | Reached skill level 6 in Armour
  2742 | D:4      | Noticed Dowan
  2743 | D:4      | Noticed Duvessa
  2762 | D:4      | Killed Duvessa
  2762 | D:4      | Reached XP level 6. HP: 7/56 MP: 3/3
  2763 | D:4      | HP: 4/84 [poisoned by Dowan]
  2764 | D:4      | HP: 1/84 [poisoned by Dowan]
  2765 | D:4      | Succumbed to Dowan's poison

Action                   |  1- 3 |  4- 6 || total
-------------------------+-------+-------++-------
Melee: Flail             |    94 |    98 ||   192
  Use: Scroll            |       |     9 ||     9
       Potion            |       |     5 ||     5
  Eat: Chunk             |     1 |     5 ||     6
